[Event "Team 45 45 League T62"]
[Site "Internet Chess Club"]
[Date "2014.09.28"]
[Round "5"]
[White "Andressa"]
[Black "BrianWood"]
[Result "1/2-1/2"]
[WhiteElo "1462"]
[BlackElo "1486"]
[Opening "Owen defense"]
[ECO "B00"]
[Time "23:09:35"]
[TimeControl "2700+45"]

1. e4 b6 2. d4 Bb7 3. Nc3 e6 4. Nf3 Bb4 5. d5 exd5 6. exd5 Nf6 7. Bc4 O-O 8. O-O
d6 9. Bg5 Bxc3 10. bxc3 Nbd7 11. Qd4 h6 12. Bh4 Nc5 13. Bxf6 Qxf6 14. Qxf6 gxf6
15. Rfe1 Rfe8 16. Nd4 a6 17. a4 Ne4 18. Re3 Nd2 19. Ba2 Rxe3 20. fxe3 Bc8 21. c4
Bd7 22. Bb3 Re8 23. Kf2 Ne4+ {Game drawn by mutual agreement} 1/2-1/2

[Event "Team 45 45 League T62"]
[Site "Internet Chess Club"]
[Date "2014.09.27"]
[Round "5"]
[White "JustinL"]
[Black "zap2"]
[Result "0-1"]
[WhiteElo "1958"]
[BlackElo "1815"]
[Opening "Queen's pawn: Torre attack"]
[ECO "A46"]
[Time "10:00:29"]
[TimeControl "2700+45"]

1. d4 Nf6 2. Nf3 e6 3. Bg5 Be7 4. Bxf6 Bxf6 5. e4 d6 6. Bd3 Nd7 7. O-O O-O 8. c3
c5 9. Nbd2 Qc7 10. Rc1 b6 11. Re1 Bb7 12. Qe2 Rad8 13. Bb1 g6 14. h4 h5 15. Ng5
e5 16. d5 Bxg5 17. hxg5 Rfe8 18. g4 hxg4 19. Qxg4 Kg7 20. Kg2 Rh8 21. Rh1 Bc8
22. Qf3 Rdf8 23. Nc4 b5 24. Ne3 Qd8 25. Qg3 Rxh1 26. Rxh1 Rh8 27. Rxh8 Qxh8 28.
Bd3 c4 29. Be2 Nc5 30. f3 Qh5 31. Nc2 Nxe4 32. fxe4 Qxe2+ 33. Qf2 Qxe4+ 34. Kf1
Qh1+ 35. Ke2 Bg4+ 36. Ke3 Qh3+ {White resigns} 0-1

[Event "Team 45 45 League T62"]
[Site "Internet Chess Club"]
[Date "2014.09.27"]
[Round "5"]
[White "Salvatore"]
[Black "Bible-Believer"]
[Result "1/2-1/2"]
[WhiteElo "1630"]
[BlackElo "1534"]
[Opening "Trompowsky attack (Ruth, Opocenský opening)"]
[ECO "A45"]
[Time "20:02:53"]
[TimeControl "2700+45"]

1. d4 Nf6 2. Bg5 Ne4 3. h4 h6 4. Bf4 d5 5. Nd2 Bf5 6. Nxe4 Bxe4 7. f3 Bf5 8. Qd2
e6 9. O-O-O c5 10. g4 Bh7 11. dxc5 Bxc5 12. e4 Nc6 13. Qc3 Bd6 14. Bxh6 Be5 15.
Qe3 gxh6 16. Qxh6 Qf6 17. Qxf6 Bxf6 18. exd5 Nb4 19. dxe6 O-O 20. exf7+ Rxf7 21.
Bc4 Rc8 22. Bxf7+ Kxf7 23. Rd7+ Kg8 24. c3 {Game drawn by mutual agreement}
1/2-1/2

[Event "Team 45 45 League T62"]
[Site "Internet Chess Club"]
[Date "2014.09.29"]
[Round "5"]
[White "KidRattler"]
[Black "ILRE"]
[Result "1/2-1/2"]
[WhiteElo "1484"]
[BlackElo "1648"]
[Opening "English: Carls' Bremen system"]
[ECO "A22"]
[Time "13:02:29"]
[TimeControl "2700+45"]

1. c4 e5 2. Nc3 Nf6 3. g3 d6 4. Bg2 c6 5. d3 Be7 6. Nf3 h6 7. Bd2 O-O 8. O-O Bg4
9. h3 Bf5 10. e4 Be6 11. Nh2 a5 12. f4 exf4 13. gxf4 Na6 14. f5 Bd7 15. a3 Nc5
16. d4 Na6 17. Ng4 Qb6 18. Bc1 Rab8 19. Na4 Qd8 20. e5 dxe5 21. dxe5 Nxg4 22.
hxg4 Bh4 23. Rf3 Qc7 24. Rh3 Be7 25. Qe2 b5 26. cxb5 cxb5 27. Nc3 Bc5+ 28. Kh1
Rfe8 29. Bf4 Bd4 30. Rd1 Bxe5 31. Rxd7 Qxd7 32. Bxe5 f6 33. Rd3 Qc8 34. Bd5+ Kh8
35. Be6 Rxe6 36. fxe6 fxe5 37. Qxe5 Nc5 38. Re3 Qc6+ 39. Qd5 Qxd5+ 40. Nxd5 Kg8
41. Nc7 Nb7 42. e7 Nd6 43. Re6 Ne8 44. Nxe8 Rxe8 45. Re5 Kf7 46. Rxb5 Rxe7 47.
b4 axb4 48. axb4 Re4 49. Rb7+ Kg6 50. b5 Rxg4 51. b6 Rb4 52. Rb8 Kg5 53. b7 g6
54. Kg2 Rb3 55. Kh2 Kg4 56. Rg8 Rb2+ 57. Kg1 Rxb7 58. Rxg6+ Kh5 59. Rg2 Rb5 60.
Kh2 Rg5 61. Rxg5+ hxg5 62. Kg3 g4 63. Kg2 Kh4 64. Kh2 Kg5 65. Kg3 Kf5 66. Kg2
Kf4 67. Kf2 Kf5 68. Kg3 Kg5 69. Kg2 Kf6 70. Kg3 Kf5 71. Kg2 Kf4 72. Kf2 Kf5 73.
Kg3 Kg5 74. Kg2 Kf4 75. Kf2 g3+ 76. Kg2 Kg4 77. Kg1 Kf4 78. Kg2 Kg4 79. Kg1 Kg5
80. Kg2 Kg4 81. Kg1 {Game drawn by repetition} 1/2-1/2

[Event "Team 45 45 League T62"]
[Site "Internet Chess Club"]
[Date "2014.09.25"]
[Round "5"]
[White "seattleblues"]
[Black "JRussell2"]
[Result "0-1"]
[WhiteElo "1431"]
[BlackElo "1374"]
[Opening "Dutch"]
[ECO "A80"]
[Time "21:09:36"]
[TimeControl "2700+45"]

1. d4 f5 2. Bf4 Nf6 3. e3 e6 4. Bd3 Be7 5. Nd2 d6 6. h3 Nc6 7. c3 e5 8. Bh2 O-O
9. Ne2 e4 10. Bc2 Be6 11. O-O Bf7 12. Nf4 Qd7 13. Bb3 d5 14. Rc1 Na5 15. Bc2 Bd6
16. b4 Nc4 17. Nb3 b6 18. f3 Nxe3 19. Qe2 Nxf1 20. Qxf1 Rad8 21. fxe4 dxe4 22.
Ra1 c6 23. a4 Qc7 24. a5 g5 {White resigns} 0-1

[Event "Team 45 45 League T62"]
[Site "Internet Chess Club"]
[Date "2014.09.26"]
[Round "5"]
[White "KnightOfLight"]
[Black "John3v16"]
[Result "0-1"]
[WhiteElo "1613"]
[BlackElo "1681"]
[Opening "King's Indian: 5.Be2"]
[ECO "E73"]
[Time "08:01:37"]
[TimeControl "2700+45"]

1. d4 Nf6 2. c4 g6 3. Nc3 Bg7 4. e4 d6 5. Be2 O-O 6. Bf3 c5 7. Nge2 cxd4 8. Nxd4
a6 9. Be3 Qc7 10. Qb3 e6 11. Na4 Nbd7 12. Rc1 Nc5 13. Nxc5 dxc5 14. Ne2 Rd8 15.
O-O Bd7 16. Bf4 e5 17. Bg5 Bc6 18. Nc3 Rd7 19. Bxf6 Bxf6 20. Nd5 Bxd5 21. exd5
Bg5 22. Rc2 f5 23. Rd1 e4 24. Be2 Re8 25. f3 e3 26. g3 f4 27. g4 Bf6 28. Rcc1
Bd4 29. Kg2 Qd8 30. Qc2 Qh4 31. Rf1 Re5 32. a3 Rd6 33. b4 g5 34. Bd3 Rh6 35. Kh1
e2 {White resigns} 0-1

[Event "Team 45 45 League T62"]
[Site "Internet Chess Club"]
[Date "2014.09.28"]
[Round "5"]
[White "RD1974"]
[Black "Betamax"]
[Result "0-1"]
[WhiteElo "1626"]
[BlackElo "1649"]
[Opening "Two knights defense (Modern bishop's opening)"]
[ECO "C55"]
[Time "15:04:41"]
[TimeControl "2700+45"]

1. e4 e5 2. Nf3 Nc6 3. Bc4 Nf6 4. d3 h6 5. Nbd2 a6 6. c3 d5 7. Bb3 Bc5 8. h3 O-O
9. Bc2 b5 10. O-O Bb7 11. Nb3 Bb6 12. Re1 dxe4 13. dxe4 Qe7 14. Be3 Bxe3 15.
Rxe3 Rad8 16. Qe1 Nh5 17. g3 Bc8 18. Kg2 Qe6 19. Ng1 b4 20. Nc5 Qg6 21. Kh2 Qd6
22. Nd3 bxc3 23. bxc3 f5 24. exf5 Bxf5 25. Bb3+ Be6 26. Bxe6+ Qxe6 27. Nxe5 Nxe5
28. Rxe5 Rxf2+ 29. Qxf2 Qxe5 30. Rf1 Nxg3 31. Qxg3 Rd2+ {White resigns} 0-1

[Event "Team 45 45 League T62"]
[Site "Internet Chess Club"]
[Date "2014.09.27"]
[Round "5"]
[White "Lrn2Mate"]
[Black "noblitz-oblige"]
[Result "1-0"]
[WhiteElo "1518"]
[BlackElo "1637"]
[Opening "Kevitz-Trajkovich defense"]
[ECO "A50"]
[Time "07:00:31"]
[TimeControl "2700+45"]

1. d4 Nf6 2. c4 Nc6 3. Nf3 e6 4. Nc3 Ne7 5. e4 d6 6. Bd3 Ng6 7. O-O Be7 8. Be3
O-O 9. Rc1 c6 10. h3 e5 11. d5 Bd7 12. b4 Rc8 13. a3 Re8 14. Qb3 b6 15. dxc6
Bxc6 16. Nd5 h6 17. Nd2 Nh5 18. Be2 Nhf4 19. Bg4 Rb8 20. g3 Ne6 21. Qd1 Bd7 22.
Qe2 Ng5 23. Nxe7+ Qxe7 24. Bxg5 hxg5 25. Kg2 Bc6 26. f3 Nf8 27. Rh1 Ne6 28. Nb3
Ba4 29. Bxe6 Qxe6 30. Nd2 Rec8 31. Nf1 b5 32. c5 dxc5 33. bxc5 Qb3 34. Ne3 Qxa3
35. c6 Qd6 36. Nd5 Kf8 37. Qe3 Rxc6 38. Qxa7 Ra6 39. Qe3 Bb3 40. Qxb3 Ra3 41.
Qb4 Qxb4 42. Nxb4 Rba8 43. g4 Rb3 44. Rb1 {Black resigns} 1-0

[Event "Team 45 45 League T62"]
[Site "Internet Chess Club"]
[Date "2014.09.24"]
[Round "5"]
[White "Pierrekurdy"]
[Black "Sunny2002"]
[Result "1-0"]
[WhiteElo "1636"]
[BlackElo "1292"]
[Opening "Scotch: Schmidt variation"]
[ECO "C45"]
[Time "12:06:06"]
[TimeControl "2700+45"]

1. e4 e5 2. Nf3 Nc6 3. d4 exd4 4. Nxd4 Nf6 5. Nc3 Bb4 6. Nxc6 bxc6 7. Bd3 d5 8.
exd5 cxd5 9. Bd2 O-O 10. O-O Be6 11. a3 Be7 12. Ne2 Qd7 13. Nd4 Bg4 14. f3 Bh5
15. Bf5 Qa4 16. Bc3 c5 17. b3 Qa6 18. Ne2 d4 19. Bd2 Bg6 20. Bh3 Nd5 21. Ng3 Ne3
22. Bxe3 dxe3 23. Re1 Bg5 24. Qd5 Bh6 25. Qxc5 Rfe8 26. Nf5 Bxf5 27. Bxf5 e2 28.
Bd3 Qxd3 29. cxd3 Be3+ 30. Qxe3 Rxe3 31. Kf2 Rxd3 32. b4 a5 33. Rxe2 axb4 34.
axb4 Rdd8 35. Rxa8 Rxa8 36. b5 h6 37. b6 Rb8 38. Rb2 Kf8 39. Ke3 Ke7 40. Kd4 Kd6
41. f4 Rb7 42. f5 f6 43. Re2 Rxb6 44. Re6+ Kc7 45. Rxb6 Kxb6 46. Kd5 Kc7 47. Ke6
Kc6 48. Kf7 Kd5 49. Kxg7 Ke5 50. g4 Kf4 51. Kxf6 Kxg4 52. Kg6 {Black resigns}
1-0

[Event "Team 45 45 League T62"]
[Site "Internet Chess Club"]
[Date "2014.09.29"]
[Round "5"]
[White "ausya"]
[Black "backrankbrawler"]
[Result "1/2-1/2"]
[WhiteElo "1744"]
[BlackElo "1754"]
[Opening "Ruy Lopez: closed, Keres (...Nd7) defense"]
[ECO "C96"]
[Time "21:01:37"]
[TimeControl "2700+45"]

1. e4 e5 2. Nf3 Nc6 3. Bb5 a6 4. Ba4 Nf6 5. O-O Be7 6. Re1 b5 7. Bb3 d6 8. c3
O-O 9. h3 Na5 10. Bc2 c5 11. d4 Nd7 12. Nbd2 exd4 13. cxd4 Nc6 14. Nf1 Qc7 15.
d5 Nce5 16. Ng3 g6 17. Bf4 Bf6 18. Rb1 Re8 19. b3 Bb7 20. Nh2 Re7 21. Be3 Nb6
22. f4 Ned7 23. Qg4 Rae8 24. Nf5 Rxe4 25. Bxe4 Rxe4 26. Nf3 Bxd5 27. Nd2 Re8 28.
Ng3 Qc6 29. Nf3 Bxf3 30. Qxf3 Qxf3 31. gxf3 Rxe3 32. Rxe3 Bd4 33. Nf1 Nd5 34.
Re1 N7f6 35. Kh2 Bxe3 36. Nxe3 Nxf4 37. Rd1 d5 38. Nc2 b4 39. Ne3 Kf8 40. Rc1
Ne6 41. Kg3 h5 42. Rd1 d4 43. Nc4 Nd5 44. Rd2 Ke7 45. a3 bxa3 46. Nxa3 Ne3 47.
Kf2 Kf6 48. Nc2 Nxc2 49. Rxc2 Ke5 50. Ra2 Nc7 51. Ra5 Kd6 52. Ke2 h4 53. Kd3 Kc6
54. Kc4 Ne6 55. Rxa6+ Kb7 56. Ra1 Kb6 57. Rg1 Nf4 58. Rg4 Nxh3 59. Rxh4 Ng5 60.
Rf4 f5 61. b4 cxb4 62. Kxb4 Ne6 63. Rh4 Kc6 64. Kc4 Kd6 65. Rh6 g5 66. Rh1 Ke5
67. Re1+ Kf6 68. Kd5 Nf4+ 69. Kxd4 Ne6+ 70. Kd5 Nf4+ 71. Kd4 Ne6+ 72. Kd5 {Game
drawn by mutual agreement} 1/2-1/2

[Event "Team 45 45 League T62"]
[Site "Internet Chess Club"]
[Date "2014.09.29"]
[Round "5"]
[White "amicusUK"]
[Black "sanjay2000"]
[Result "1/2-1/2"]
[WhiteElo "1657"]
[BlackElo "1475"]
[Opening "Colle system"]
[ECO "D02"]
[Time "17:07:10"]
[TimeControl "2700+45"]

1. d4 d5 2. Nf3 e6 3. e3 c5 4. c3 Nf6 5. Bd3 Nc6 6. Nbd2 Be7 7. O-O O-O 8. Re1
c4 9. Bc2 Qc7 10. e4 b5 11. e5 Nd7 12. Nf1 h6 13. Bf4 Bb7 14. Bb1 Bd8 15. Qc2 g6
16. Bxh6 Re8 17. Ng3 b4 18. Qd2 Be7 19. Bg5 Bf8 20. Bh6 Be7 21. Ng5 Qa5 22. Nxe6
fxe6 23. Bxg6 Rec8 24. Qf4 Rf8 25. Qg4 Kh8 26. Bxf8 Nxf8 27. Qh5+ Kg7 28. Bf7
bxc3 29. bxc3 Qxc3 30. Rad1 Nxd4 31. Re3 Qb2 32. Rxd4 Qxd4 33. Nf5+ exf5 34.
Rg3+ Qg4 35. Rxg4+ fxg4 36. e6 Rc8 37. Qxg4+ Kh6 38. Qh3+ Kg7 39. Qg4+ Kh6 40.
Qh3+ Kg7 41. Qg4+ Kh6 42. Qh3+ Kg7 43. Qg4+ Kh6 44. Qh3+ Kg7 {Game drawn by
repetition} 1/2-1/2

[Event "Team 45 45 League T62"]
[Site "Internet Chess Club"]
[Date "2014.09.27"]
[Round "5"]
[White "tornado100"]
[Black "burnsy"]
[Result "1-0"]
[WhiteElo "1603"]
[BlackElo "1601"]
[Opening "Sicilian: O'Kelly variation"]
[ECO "B28"]
[Time "11:04:10"]
[TimeControl "2700+45"]

1. e4 c5 2. Nf3 a6 3. d4 cxd4 4. Nxd4 Nf6 5. Nc3 e5 6. Nb3 Bb4 7. Bd3 Bxc3+ 8.
bxc3 Nc6 9. O-O d6 10. Ba3 O-O 11. Re1 Re8 12. Bc4 Ng4 13. h3 b5 14. Bd5 Nxf2
15. Kxf2 Qh4+ 16. Kg1 Bb7 17. Qf3 Re7 18. Bxd6 Rd7 19. Nc5 Rxd6 20. Qxf7+ Kh8
21. Ne6 Rxe6 22. Qxe6 Na5 23. Bxb7 Nxb7 24. Qxe5 Na5 25. Rf1 h6 26. Rf7 Rg8 27.
Raf1 Qd8 28. Qd4 Qg5 29. Rf8 Rxf8 30. Rxf8+ Kh7 31. Rf1 Nc4 32. Qf2 Qe7 33. Qf5+
Kg8 34. Re1 Qh4 35. Qf2 Qg5 36. Qe2 Qe5 37. Qd3 Nb2 38. Qd5+ {Black resigns} 1-0

[Event "Team 45 45 League T62"]
[Site "Internet Chess Club"]
[Date "2014.09.28"]
[Round "5"]
[White "losscause"]
[Black "bluesun"]
[Result "1/2-1/2"]
[WhiteElo "1597"]
[BlackElo "1473"]
[Opening "Queen's pawn: Yusupov-Rubinstein system"]
[ECO "A46"]
[Time "19:30:25"]
[TimeControl "2700+45"]

1. d4 Nf6 2. Nf3 e6 3. e3 Bb4+ 4. c3 Ba5 5. Bd3 d5 6. O-O O-O 7. Nbd2 Nbd7 8.
Qe2 Re8 9. Ne5 Nxe5 10. dxe5 Nd7 11. f4 c5 12. Nf3 Nf8 13. Ng5 h6 14. Nf3 a6 15.
c4 dxc4 16. Bxc4 b5 17. Rd1 Qc7 18. Bd3 Bb7 19. Bd2 Bb6 20. b3 Red8 21. Bc3 Rd7
22. Rd2 Rad8 23. Rad1 Bc6 24. Bc2 Qa7 25. Rxd7 Rxd7 26. Rxd7 Bxd7 27. Kf2 a5 28.
Bd3 b4 29. Bb2 a4 30. Bc4 Ng6 31. g3 Bc6 32. e4 axb3 33. axb3 Qb7 34. Nd2 Ne7
35. Qd3 Bd7 36. g4 g6 37. Kg3 Bc6 {Game drawn by mutual agreement} 1/2-1/2

[Event "Team 45 45 League T62"]
[Site "Internet Chess Club"]
[Date "2014.09.27"]
[Round "5"]
[White "alexfer"]
[Black "junard"]
[Result "1-0"]
[WhiteElo "2034"]
[BlackElo "2028"]
[Opening "QGD Slav: 4.Nc3"]
[ECO "D15"]
[Time "22:42:39"]
[TimeControl "2700+45"]

1. d4 d5 2. c4 c6 3. Nf3 Nf6 4. Nc3 a6 5. c5 Nbd7 6. Bf4 Nh5 7. Be5 f6 8. Bg3 e5
9. e3 Nxg3 10. hxg3 b6 11. b4 bxc5 12. bxc5 Qa5 13. Qd2 Rb8 14. Be2 Be7 15. Nh4
O-O 16. Nf5 Re8 17. Nxe7+ Rxe7 18. O-O Nf8 19. Bd3 Reb7 20. Rfb1 Ne6 21. Qc2 h6
22. Bf5 Rxb1+ 23. Rxb1 Rxb1+ 24. Qxb1 Qc7 25. Qb6 Qd7 26. Qb8 g6 27. Bxg6 exd4
28. exd4 Nf8 29. Bd3 Qg4 30. Ne2 a5 31. Qc7 Bf5 32. Bxf5 Qxe2 33. Qxc6 Qxa2 34.
Qxf6 Qd2 35. c6 a4 36. Be6+ Nxe6 37. Qxe6+ Kg7 38. Qd7+ Kg6 39. c7 Qc1+ 40. Kh2
a3 41. c8=Q {Black resigns} 1-0

[Event "Team 45 45 League T62"]
[Site "Internet Chess Club"]
[Date "2014.09.27"]
[Round "5"]
[White "tamtu"]
[Black "willhelm"]
[Result "0-1"]
[WhiteElo "2050"]
[BlackElo "1933"]
[Opening "Nimzo-Indian: e3, Hübner variation"]
[ECO "E40"]
[Time "20:10:49"]
[TimeControl "2700+45"]

1. d4 Nf6 2. c4 e6 3. Nc3 Bb4 4. e3 Bxc3+ 5. bxc3 d6 6. Nf3 c5 7. Bd3 Nc6 8. Bb2
O-O 9. O-O b6 10. Re1 e5 11. Nd2 Ne8 12. Qf3 Bd7 13. Rad1 Qe7 14. Be4 Rc8 15. h3
f5 16. Bd5+ Kh8 17. e4 f4 18. Qe2 Nf6 19. Nf3 Nd8 20. Nh2 Nf7 21. Ng4 Bxg4 22.
hxg4 g5 23. Rd3 Kg7 24. Rh3 Nh8 25. Qd3 Nxg4 26. Rh1 Nf6 27. Qh3 h5 28. f3 Ng6
29. dxc5 dxc5 30. Rd1 Rcd8 31. a4 a5 32. Kf2 Rh8 33. Qf5 Rdf8 34. Qe6 Qxe6 35.
Bxe6 Rd8 36. Rxd8 Rxd8 37. Bd5 Rd6 38. Rb1 g4 39. Bc1 g3+ 40. Ke2 Nh7 41. Bd2
Ng5 42. Rh1 h4 43. Rh3 Nxh3 44. gxh3 Nf8 45. Kf1 Nh7 46. Bc1 Ng5 47. Kg2 Nxf3
48. Kxf3 Rg6 49. Kg2 f3+ 50. Kxf3 g2 51. Be3 g1=Q 52. Bxg1 Rxg1 {White resigns}
0-1

[Event "Team 45 45 League T62"]
[Site "Internet Chess Club"]
[Date "2014.09.28"]
[Round "5"]
[White "backrankbrawler"]
[Black "JulianVerse"]
[Result "0-1"]
[WhiteElo "1755"]
[BlackElo "1891"]
[Opening "QGD semi-Slav: 5...Nd7"]
[ECO "D45"]
[Time "21:03:01"]
[TimeControl "2700+45"]

1. d4 d5 2. c4 c6 3. Nc3 Nf6 4. Nf3 e6 5. e3 Nbd7 6. c5 b6 7. cxb6 axb6 8. Bd3
Bd6 9. e4 dxe4 10. Nxe4 Nxe4 11. Bxe4 Bb7 12. O-O O-O 13. Ng5 Nf6 14. Bd3 h6 15.
Nf3 c5 16. dxc5 bxc5 17. b3 Ng4 18. h3 Bxf3 19. Qxf3 Ne5 20. Qe4 Nxd3 21. Be3
Ne5 22. Rfd1 Qc7 23. Rd2 c4 24. Rad1 Bb4 25. Rc2 Qa5 26. bxc4 Rfd8 27. Rb1 f5
28. Qh4 Nd3 29. Qg3 Bd6 30. Qg6 Qe5 31. g3 Ra3 32. Rb7 Nc5 33. Rbb2 Rxe3 34.
fxe3 Qxe3+ 35. Kh2 f4 36. Re2 fxg3+ 37. Kg2 Qc3 38. Rbc2 Qa3 39. Rcd2 Rf8 40.
Qg4 Qa8+ 41. Kg1 Rf1+ {White resigns} 0-1

[Event "Team 45 45 League T62"]
[Site "Internet Chess Club"]
[Date "2014.09.25"]
[Round "5"]
[White "chess09"]
[Black "tightfist"]
[Result "1/2-1/2"]
[WhiteElo "1918"]
[BlackElo "1606"]
[Opening "Queen's Indian: old main line, 6.O-O"]
[ECO "E17"]
[Time "12:02:18"]
[TimeControl "2700+45"]

1. d4 Nf6 2. c4 e6 3. Nf3 b6 4. g3 Bb7 5. Bg2 Be7 6. O-O O-O 7. Nbd2 c5 8. e3
Na6 9. b3 Nc7 10. Bb2 Rb8 11. Re1 d5 12. cxd5 exd5 13. Rc1 Ne6 14. Ne5 cxd4 15.
exd4 Qd6 16. Ndf3 Rbc8 17. Qe2 Rfe8 18. Rxc8 Rxc8 19. Bh3 Rc7 20. Nxf7 Kxf7 21.
Bxe6+ Kf8 22. Ng5 Bc8 23. Bxc8 Rxc8 24. Ne6+ Kf7 25. Nxg7 Kxg7 26. Qxe7+ Qxe7
27. Rxe7+ Kg6 28. Rxa7 Rc2 29. Ba3 Rxa2 30. Ra4 Ne4 31. Bb4 Rxf2 32. Ra6 Rf6 33.
Be7 Rc6 34. Bd8 Kf5 35. Ra1 h5 36. Rf1+ Kg6 37. Be7 Nd2 38. Rd1 Nxb3 39. Ba3 Rc4
40. Bb2 Rc2 41. Ba3 Rc4 42. Bb2 {Game drawn by mutual agreement} 1/2-1/2

[Event "Team 45 45 League T62"]
[Site "Internet Chess Club"]
[Date "2014.09.28"]
[Round "5"]
[White "NFork"]
[Black "TerryMalloy"]
[Result "1/2-1/2"]
[WhiteElo "2188"]
[BlackElo "1959"]
[Opening "Sicilian: Alapin's variation (2.c3)"]
[ECO "B22"]
[Time "16:21:52"]
[TimeControl "2700+45"]

1. e4 c5 2. c3 Nf6 3. e5 Nd5 4. Nf3 Nc6 5. Bc4 Nb6 6. Bb3 c4 7. Bc2 d5 8. exd6
e5 9. d4 cxd3 10. Qxd3 Qxd6 11. O-O Qxd3 12. Bxd3 f6 13. a4 Na5 14. Nbd2 Be6 15.
b4 Nb3 16. Nxb3 Bxb3 17. a5 Nc4 18. a6 O-O-O 19. axb7+ Kxb7 20. Be4+ Kb6 21. Rb1
Ba2 22. Ra1 Bb3 23. Ne1 g6 24. Bc2 Bxc2 25. Nxc2 Bg7 26. Ne3 Nd6 27. c4 Kb7 28.
Bb2 Rd7 29. Ra5 Rhd8 30. Rfa1 Nc8 31. Nd5 Kb8 32. g4 Nb6 33. Nxb6 axb6 34. Ra8+
Kc7 35. R1a7+ Kc6 36. Ba3 b5 37. Ra6+ Kb7 38. R8a7+ Kb8 39. Ra8+ Kb7 40. Rxd8
Rxd8 41. Re6 Rd1+ 42. Kg2 bxc4 43. Re7+ Kb6 44. Rxg7 c3 45. Rxh7 Ra1 46. Kf3
Rxa3 47. Ke3 Rb3 48. Rf7 Rxb4 49. Rxf6+ Kb5 50. Kd3 Rxg4 51. Kxc3 Kc5 52. Kd3
e4+ 53. Ke3 Kd5 54. Rf4 Rg2 55. h3 Rg1 56. Rh4 Ke5 57. Rxe4+ Kf5 58. Kf3 Rh1 59.
Rf4+ Ke5 60. Rh4 Kf5 61. Kg2 Ra1 62. Rg4 g5 63. Rb4 Ra5 64. Kg3 Rc5 65. f3 Ra5
66. Rb8 Rc5 67. Rf8+ Kg6 68. Rh8 Rc4 69. Rg8+ Kf5 70. Re8 Ra4 71. Re4 Ra5 72. h4
gxh4+ 73. Rxh4 Ra3 74. Rh5+ Kg6 75. Rb5 Ra6 76. Kg4 Rc6 77. f4 Ra6 78. Rg5+ Kf6
79. Rh5 Ra4 80. Rh6+ Kg7 81. Rb6 Ra7 82. Kg5 Rc7 83. f5 Ra7 84. Rg6+ Kh7 85.
Rh6+ Kg8 86. Rg6+ Kh7 87. Rb6 Kg7 88. Rc6 Rb7 89. Ra6 Rc7 90. Rg6+ Kh7 91. Rh6+
Kg8 92. f6 Rc1 93. Rh4 Rg1+ 94. Rg4 Rxg4+ 95. Kxg4 Kf7 96. Kf5 Kf8 97. Ke4 Ke8
98. Kd5 Kf7 99. Ke5 Kf8 100. Ke6 Ke8 101. Kf5 Kf8 {Game drawn by mutual
agreement} 1/2-1/2

[Event "Team 45 45 League T62"]
[Site "Internet Chess Club"]
[Date "2014.09.28"]
[Round "5"]
[White "martineden"]
[Black "SlimeDog2"]
[Result "0-1"]
[WhiteElo "1878"]
[BlackElo "2112"]
[Opening "King's Indian: fianchetto without c4"]
[ECO "A49"]
[Time "12:01:12"]
[TimeControl "2700+45"]

1. d4 Nf6 2. Nf3 g6 3. g3 Bg7 4. Bg2 d5 5. O-O O-O 6. Bf4 c5 7. c3 Qb6 8. Qb3
Nc6 9. Nbd2 c4 10. Qxb6 axb6 11. a3 Bf5 12. Nh4 Bg4 13. f3 Be6 14. e4 h6 15. Be3
dxe4 16. Nxe4 Nd5 17. Bd2 g5 18. Nxg5 hxg5 19. Bxg5 Ra5 20. Bd2 Rb5 21. b4 cxb3
22. c4 Bxd4+ 23. Kh1 Bxa1 24. cxb5 Bc3 25. bxc6 Bxd2 26. cxb7 b2 27. Rb1 Bc1
{White resigns} 0-1

[Event "Team 45 45 League T62"]
[Site "Internet Chess Club"]
[Date "2014.09.30"]
[Round "5"]
[White "Goli"]
[Black "fledermaus"]
[Result "1/2-1/2"]
[WhiteElo "1900"]
[BlackElo "1904"]
[Opening "Sicilian: Alapin's variation (2.c3)"]
[ECO "B22"]
[Time "16:31:39"]
[TimeControl "2700+45"]

1. e4 c5 2. c3 d5 3. exd5 Qxd5 4. d4 Nf6 5. Nf3 Bg4 6. Be2 e6 7. O-O Nc6 8. Na3
cxd4 9. Nb5 Rc8 10. Nbxd4 Nxd4 11. Nxd4 Bxe2 12. Qxe2 Be7 13. Rd1 a6 14. Nb3 Qe4
15. Qxe4 Nxe4 16. Be3 Nd6 17. Nd2 O-O 18. Bf4 Rfd8 19. Bxd6 Rxd6 20. Ne4 Rdd8
21. Kf1 f6 {Game drawn by mutual agreement} 1/2-1/2

[Event "Team 45 45 League T62"]
[Site "Internet Chess Club"]
[Date "2014.09.28"]
[Round "5"]
[White "SaltofLife"]
[Black "jt2000"]
[Result "1-0"]
[WhiteElo "1957"]
[BlackElo "1927"]
[Opening "Queen's pawn game, Darooha variation "]
[ECO "D02"]
[Time "14:30:54"]
[TimeControl "2700+45"]

1. d4 d5 2. Nf3 Nf6 3. c4 e6 4. cxd5 exd5 5. Nc3 c6 6. Qc2 Bd6 7. Bg5 Bg4 8. Ne5
Bh5 9. f4 Qb6 10. e3 Bxe5 11. fxe5 Bg6 12. Bd3 Nfd7 13. Bxg6 hxg6 14. e6 Nf6 15.
O-O Qc7 16. g3 fxe6 17. Nb5 Qe7 18. Qxg6+ Kd8 19. Rxf6 {Black resigns} 1-0

[Event "Team 45 45 League T62"]
[Site "Internet Chess Club"]
[Date "2014.09.25"]
[Round "5"]
[White "thecube"]
[Black "SlimeDog2"]
[Result "0-1"]
[WhiteElo "1833"]
[BlackElo "2105"]
[Opening "Grünfeld defense: Smyslov, main line"]
[ECO "D99"]
[Time "22:05:50"]
[TimeControl "2700+45"]

1. d4 Nf6 2. c4 g6 3. Nc3 d5 4. Nf3 Bg7 5. Qb3 dxc4 6. Qxc4 O-O 7. e4 Bg4 8. Be3
Nfd7 9. Qb3 Nb6 10. Rd1 Nc6 11. d5 Ne5 12. Be2 Bxf3 13. gxf3 Qd7 14. Rg1 Qh3 15.
f4 Nf3+ 16. Bxf3 Qxf3 17. Qc2 Nc4 18. Rd3 Qh3 19. Bc5 Qxh2 20. Ne2 Nxb2 21. Rdg3
b5 22. Bxe7 Rfe8 23. R1g2 Qh5 24. Rg5 Qh1+ 25. Rg1 Qf3 26. R5g3 Nd3+ 27. Qxd3
Qxd3 28. Rxd3 Rxe7 29. e5 Rd8 30. Nc3 b4 31. Nb5 a6 32. Na7 Bxe5 33. Kd1 Bxf4
34. Nc6 Red7 35. Nxd8 Rxd8 36. Rd4 Bd6 37. Re1 Bc5 38. Rd2 b3 39. Ree2 bxa2 40.
Rxa2 Rxd5+ 41. Kc2 Rf5 42. Kd3 Bb6 43. Ke4 a5 44. f3 h5 45. Rg2 Kg7 46. Rad2 Kf6
47. Rc2 Re5+ 48. Kf4 g5+ 49. Kg3 Kf5 50. Rge2 Rb5 51. Re7 f6 52. Re4 Rb3 53. Rd2
g4 54. Rd5+ Kg6 55. Rf4 Be3 56. Rff5 Bd4 57. Kg2 Rb2+ 58. Kf1 g3 {White resigns}
0-1

[Event "Team 45 45 League T62"]
[Site "Internet Chess Club"]
[Date "2014.09.28"]
[Round "5"]
[White "sharky123"]
[Black "chops1975"]
[Result "1-0"]
[WhiteElo "1781"]
[BlackElo "1727"]
[Opening "Caro-Kann: Steinitz variation"]
[ECO "B17"]
[Time "04:00:12"]
[TimeControl "2700+45"]

1. e4 c6 2. d4 d5 3. Nc3 dxe4 4. Nxe4 Nd7 5. Ng5 Ngf6 6. Bd3 h6 7. Ne6 Qa5+ 8.
Bd2 Qb6 9. Nxf8 Nxf8 10. c3 Bg4 11. Ne2 Bh5 12. O-O Bg6 13. Bc4 e6 14. a4 a6 15.
a5 Qd8 16. f3 N8d7 17. Nf4 Bh7 18. Qb3 Nd5 19. Qxb7 Rb8 20. Qxc6 Nxf4 21. Bxf4
Rxb2 22. Bd6 Qg5 23. Rf2 Rxf2 24. Kxf2 Qh4+ 25. g3 Qg5 26. Bxa6 Qd2+ 27. Be2 Qg5
28. a6 {Black resigns} 1-0

[Event "Team 45 45 League T62"]
[Site "Internet Chess Club"]
[Date "2014.09.28"]
[Round "5"]
[White "pokerram"]
[Black "Holzschlange"]
[Result "1/2-1/2"]
[WhiteElo "1691"]
[BlackElo "1802"]
[Opening "Ruy Lopez: closed"]
[ECO "C90"]
[Time "21:00:38"]
[TimeControl "2700+45"]

1. e4 e5 2. Nf3 Nc6 3. Bb5 a6 4. Ba4 Nf6 5. O-O Be7 6. Re1 b5 7. Bb3 d6 8. h3
Na5 9. d4 Nxb3 10. axb3 exd4 11. Nxd4 Bb7 12. Nf5 O-O 13. Nxe7+ Qxe7 14. Nc3
Rfe8 15. Bg5 Qe5 16. Bxf6 {Game drawn by mutual agreement} 1/2-1/2